 Dungeon Crawl Stone Soup version 0.26-a0-670-g578ab304f5 (webtiles) character file.

Game seed: 10776901552410435661

(classic levelgen) 1 EnegeticOcto the Digger (level 1, -4/10 (11) HPs)
             Began as a Halfling Earth Elementalist on Oct 19, 2020.
             Slain by a necrophage (6 damage)
             ... on level 2 of the Dungeon.
             The game lasted 00:01:02 (177 turns).

EnegeticOcto the Digger (HaEE)                       Turns: 177, Time: 00:01:02

HP:   -4/10 (11)    AC:  2    Str:  9    XL:     1   Next: 22%
MP:   0/3           EV: 14    Int: 13    God:
Gold: 9             SH:  0    Dex: 10    Spells: 2/3 levels left

rFire    . . .     SeeInvis .   (weapon restricted)
rCold    . . .     Faith    .   (shield restricted)
rNeg     . . .     Spirit   .   c - +0 robe
rPois    .         Reflect  .   (no helmet)
rElec    .         Harm     .   (no cloak)
rCorr    .         Rampage  .   (no gloves)
MR       .....                  (no boots)
Stlth    ++........             (no amulet)
HPRegen  0.03/turn              e - -4 ring of dexterity (curse)
MPRegen  0.08/turn              (no ring)

@: no status effects
A: small, mutation resistance 1
a: no special abilities


You were on level 2 of the Dungeon.
You visited 1 branch of the dungeon, and saw 2 of its levels.

You collected 9 gold pieces.

Inventory:

Missiles
 b - 20 stones (quivered)
Armour
 c - a +0 robe (worn)
Jewellery
 e - a cursed -4 ring of dexterity (left hand)
Potions
 a - a potion of degeneration {unknown}
 d - a potion of invisibility {unknown}


   Skills:
 - Level 2.1 Dodging
 - Level 2.1 Stealth
 - Level 1.5 Spellcasting
   Level 0.5 Transmutations
 + Level 3.1 Earth Magic


You had 2 spell levels left.
You knew the following spells:

 Your Spells              Type           Power        Failure   Level
a - Sandblast             Erth           #.....       8%          1

Your spell library contained the following spells:

 Spells                   Type           Power        Failure   Level
 Passwall                 Tmut/Erth      #.......     19%         2
 Stone Arrow              Conj/Erth      #.....       38%         3
 Petrify                  Tmut/Erth      #.......     77%         4
 Lee's Rapid Deconstruct  Erth           #.........   91%         5


Dungeon Overview and Level Annotations

Branches:
Dungeon (2/15)

Altars:


Innate Abilities, Weirdness & Mutations

You are small and have problems with some larger weapons.
You are somewhat resistant to further mutation.


Message History

The blast of sand misses the necrophage.
b - 26 stones
Casting: Sandblast (safe; 8% risk of failure)
Confirm with . or Enter, or press ? or * to list all spells.
Aiming: Sandblast (safe; 8% risk of failure)
Press: ? - help, Shift-Dir - straight line, f/p - necrophage
Aim: a necrophage The blast of sand hits the necrophage.
The necrophage is lightly damaged.
b - 25 stones
Casting: Sandblast (safe; 8% risk of failure)
Confirm with . or Enter, or press ? or * to list all spells.
Aiming: Sandblast (safe; 8% risk of failure)
Press: ? - help, Shift-Dir - straight line, f/p - necrophage
Aim: a necrophage (lightly damaged)
The blast of sand hits the necrophage.
The necrophage is moderately damaged.
b - 24 stones The necrophage hits you.
Casting: Sandblast (safe; 8% risk of failure)
Confirm with . or Enter, or press ? or * to list all spells.
Aiming: Sandblast (safe; 8% risk of failure)
Press: ? - help, Shift-Dir - straight line, f/p - necrophage
Aim: a necrophage (moderately damaged)
The blast of sand hits the necrophage.
The necrophage is moderately damaged.
b - 23 stones The necrophage barely misses you.
Press: ? - help, v - describe, . - travel
Here: a necrophage (moderately damaged)
The floor.
Unknown command.
Unknown command.
Casting: Sandblast (safe; 8% risk of failure)
Confirm with . or Enter, or press ? or * to list all spells.
Aiming: Sandblast (safe; 8% risk of failure)
Press: ? - help, Shift-Dir - straight line, f/p - necrophage
Aim: a necrophage (moderately damaged)
The blast of sand hits the necrophage.
The necrophage is heavily damaged.
b - 22 stones The necrophage closely misses you.
Found a ring mail.
Found a shiny jade ring.
You see here a ring mail.
Casting: Sandblast (safe; 8% risk of failure)
Confirm with . or Enter, or press ? or * to list all spells.
Aiming: Sandblast (safe; 8% risk of failure)
Press: ? - help, Shift-Dir - straight line, f/p - necrophage
Aim: a necrophage (moderately damaged)
The blast of sand misses the necrophage.
b - 21 stones The necrophage hits you.
Found a stone staircase leading down.
The necrophage closely misses you.
You see here a shiny jade ring.
You feel clumsy.
Oops, that ring feels deathly cold.
e - a cursed -4 ring of dexterity (left hand)
Casting: Sandblast (safe; 8% risk of failure)
Confirm with . or Enter, or press ? or * to list all spells.
Aiming: Sandblast (safe; 8% risk of failure)
Press: ? - help, Shift-Dir - straight line, f/p - necrophage
Aim: a necrophage (moderately damaged)
You miscast Sandblast.
You are very lightly contaminated with residual magic.
Nothing appears to happen.
The necrophage closely misses you.
You barely miss the necrophage.
The necrophage is moderately damaged.
The necrophage hits you but does no damage.
You hit the necrophage.
The necrophage is heavily damaged.
The necrophage barely misses you.
You hit the necrophage but do no damage.
The necrophage is heavily damaged.
The necrophage misses you.
You hit the necrophage but do no damage.
The necrophage is heavily damaged.
The necrophage hits you!
Ouch! That really hurt!
* * * LOW HITPOINT WARNING * * *
You feel your flesh rotting away!
Your magical contamination has completely faded away.
You hit the necrophage.
The necrophage is heavily damaged.
The necrophage closely misses you.
You hit the necrophage but do no damage.
The necrophage is heavily damaged.
The necrophage closely misses you.
Casting: Sandblast (safe; 8% risk of failure)
Confirm with . or Enter, or press ? or * to list all spells.
Aiming: Sandblast (safe; 8% risk of failure)
Press: ? - help, Shift-Dir - straight line, f/p - necrophage
Aim: a necrophage (heavily damaged)
The blast of sand hits the necrophage.
The necrophage is severely damaged.
b - 20 stones The necrophage hits you.
Ouch! That really hurt!
You die...

#.# #.# ## #.# #. ## #.#
#.##.######### #.#
#............###.##
#..#...#####......#
######..###.## #####..#
#........n@[.# #..#
.####..###..# #..# #>.#
#..# #..# ##.# #..# #..#
##.###..# ##..#
##...##..# #...##
###.....#..##### #....#
.................##....#
###......#######.####..##


You could see a necrophage.

Vanquished Creatures
  A bat (D:1)
1 creature vanquished.

Notes
Turn   | Place    | Note
-------+----------+-------------------------------------------
     0 | D:1      | EnegeticOcto the Halfling Earth Elementalist began the
                  | quest for the Orb.
     0 | D:1      | Reached XP level 1. HP: 11/11 MP: 3/3
   109 | D:2      | Noticed a necrophage
   177 | D:2      | Slain by a necrophage

Illustrated notes

Levels and vault maps discovered:
D:1:      ncdulo_smallfort, layout_basic
D:2:      minmay_spotlight, layout_loops_ring, uniq_jessica

Action                   || total
-------------------------++-------
Melee: Unarmed           ||     6
 Cast: Sandblast         ||    10
Armor: Robe              ||     2
Dodge: Dodged            ||    14

Table legend: (Time is in decaauts)
 A = Elapsed time spent in this place.
 B = Non-inter-level travel time spent in this place.
 C = Inter-level travel time spent in this place.
 D = Time resting spent in this place.
 E = Time spent auto-exploring this place.
 F = Levels seen in this place.
 G = Mean time per level.
                   A        B        C        D        E       F      G
               +--------+--------+--------+--------+--------+-----+--------+
         Total |    176 |    160 |     16 |      0 |      0 |   2 |   88.0 |
       Dungeon |    176 |    160 |     16 |      0 |      0 |   2 |   88.0 |
               +--------+--------+--------+--------+--------+-----+--------+

Top non-repeatable levels by time:
     D:1: 105 daAuts
     D:2: 71 daAuts
